 Dungeon Crawl Stone Soup version 0.28.0 (webtiles) character file.

Game seed: 13240103877717045268

260 zeram the Covert (level 6, -3/39 HPs)
             Began as an Octopode Brigand on Feb 5, 2022.
             Slain by Grinder (8 damage)
             ... on level 3 of the Dungeon.
             The game lasted 00:03:08 (2664 turns).

zeram the Covert (Octopode Brigand)                 Turns: 2664, Time: 00:03:09

Health: -3/39      AC:  1    Str: 10    XL:     6   Next: 17%
Magic:  6/6        EV: 13    Int: 16    God:
Gold:   65         SH:  0    Dex: 13    Spells: 5/5 levels left

rFire   . . .      SeeInvis .   a - +2 dagger
rCold   . . .      Faith    .   (no shield)
rNeg    . . .      Spirit   .   (helmet restricted)
rPois   .          Reflect  .   j - amulet of the acrobat
rElec   .          Harm     .   (no ring)
rCorr   .          Rampage  .   (no ring)
Will    .....                   (no ring)
Stlth   +++++.....              (no ring)
HPRegen 0.13/turn               (no ring)
MPRegen 0.10/turn               (no ring)
                                (no ring)
                                (no ring)

@: hasted, very quick
A: almost no armour, amphibious, 8 rings, camouflage 1, gelatinous body 1,
(nimble swimmer 1), tentacles
a: no special abilities


You were on level 3 of the Dungeon.
You visited 1 branch of the dungeon, and saw 3 of its levels.

You collected 65 gold pieces.

Inventory:

Hand Weapons
 a - a +2 dagger (weapon)
Missiles
 b - 8 poisoned darts (quivered)
 c - 2 curare-tipped darts
Jewellery
 f - a ring of fire
 j - an amulet of the acrobat (around mantle)
Scrolls
 m - a scroll of fog
Potions
 d - a potion of brilliance
 e - a potion of curing {unknown}
 g - a potion of degeneration {unknown}
 h - a potion of attraction {unknown}
 k - 2 potions of magic


   Skills:
 - Level 2.0 Fighting
 + Level 3.6 Short Blades
 - Level 2.0 Throwing
 + Level 2.0 Dodging
 + Level 8.6 Stealth


You had 5 spell levels left.
You didn't know any spells.
Your spell library contained the following spells:

 Spells                   Type           Power      Damage    Failure   Level
 Stone Arrow              Conj/Erth      0%         3d7       58%         3
 Lehudib's Crystal Spear  Conj/Erth      0%         10d2      100%        8
 Animate Armour           Summ/Erth      Unusable   N/A       N/A         4

Dungeon Overview and Level Annotations

Branches:
Dungeon (3/15)

Altars:

Annotations:
D:3 Grinder


Innate Abilities, Weirdness & Mutations

You cannot wear most types of armour.
You are amphibious.
You can wear up to eight rings at the same time.
Your skin changes colour to match your surroundings (Stealth+).
Your rubbery body absorbs attacks. (AC +1, EV +1)
((You are camouflaged when in or above water. (Stealth+)))
You have tentacles for arms and can constrict up to eight enemies at once.


Message History

a +0 war axe; an orc corpse
Things that are here:
a +0 dagger; a +0 scale mail
Things that are here:
a +0 hand axe; an orc corpse
Things that are here:
a +1 scythe of freezing; a +0 robe Grinder comes into view.
Grinder shouts!
Grinder says, "You look like you could use a good racking."
Grinder is nearby!
Grinder is nearby!
Grinder is nearby!
Grinder blinks!
Okay, then.
You hit Grinder. Your grab misses Grinder.
You squeeze Grinder, but do no damage.
Grinder is lightly wounded.
Grinder hits you.
You writhe in agony.
You hit Grinder but do no damage. You grab Grinder.
You constrict Grinder, but do no damage.
Grinder hits you!
You writhe in agony.
Okay, then.
You hit Grinder. Your squeeze misses Grinder.
Grinder is lightly wounded.
You constrict Grinder.
Grinder says, "Wait up."
Grinder drinks a potion.
Grinder seems to speed up.
You hit Grinder.
Grinder is moderately wounded.
You constrict Grinder. Grinder closely misses you.
You hit Grinder.
Grinder is moderately wounded.
You constrict Grinder. Grinder hits you!
* * * LOW HITPOINT WARNING * * *
You writhe in agony.
* * * LOW HITPOINT WARNING * * *
Unknown command.
You feel yourself speed up.
You constrict Grinder. Grinder hits you!
You die...

#...# ......... #...#
.##.......## #...#
...........# #...#
...........# #...# #########
...........# #...# #.......#
...........###...###.......#
................@#.........#
.......<..###...5..#.......#
.........####....#.####..###
...##....)....)###..##....##
. ########.#.............#
#....#.##....###...######
.....#.......#....##..).....
............#..##........###
..............######.......)


You could see Grinder (fast).

Vanquished Creatures
  Sigmund (D:3)
  Jessica (D:3)
  An adder (D:2)
  3 gnolls (D:2)
  A worm (D:2)
  4 orcs (D:3)
  4 ball pythons
  7 bats
  6 endoplasms
  A giant cockroach (D:1)
  2 goblins (D:2)
  7 hobgoblins
  4 kobolds
  2 frilled lizards (D:2)
  A rat (D:2)
45 creatures vanquished.

Notes
Turn   | Place    | Note
-------+----------+-------------------------------------------
     0 | D:1      | zeram the Octopode Brigand began the quest for the Orb.
     0 | D:1      | Reached XP level 1. HP: 14/14 MP: 1/1
   285 | D:1      | Found a faded altar of an unknown god.
   296 | D:1      | Reached XP level 2. HP: 19/19 MP: 2/2
   704 | D:1      | Reached skill level 6 in Stealth
  1390 | D:2      | Reached XP level 3. HP: 23/24 MP: 3/3
  1537 | D:2      | Reached skill level 7 in Stealth
  2016 | D:2      | Reached XP level 4. HP: 29/29 MP: 4/4
  2416 | D:3      | Noticed Jessica
  2420 | D:3      | Killed Jessica
  2615 | D:3      | Noticed Sigmund
  2620 | D:3      | Killed Sigmund
  2621 | D:3      | Reached skill level 8 in Stealth
  2621 | D:3      | Reached XP level 5. HP: 34/34 MP: 5/5
  2621 | D:3      | Reached XP level 6. HP: 39/39 MP: 6/6
  2657 | D:3      | Noticed Grinder
  2664 | D:3      | Slain by Grinder

Illustrated notes

Levels and vault maps discovered:
D:1:      psy_arrival_terrarium, layout_loops_ring,
          ebering_ecumenical_altar_rust
D:2:      layout_loops_corners, serial_co_window_serial, co_window_paths_a,
          co_window_paths_b, co_window_corner_a, co_window_of_opportunity_a,
          co_window_corner_a, co_window_unsneaky_path_d, co_window_paths_c,
          co_window_broadway_c, co_window_of_opportunity_b, co_window_2corner,
          co_window_unsneaky_path_a, co_window_of_opportunity_b,
          minmay_pentomino_z2
D:3:      layout_rooms, uniq_grinder, uniq_jessica, uniq_sigmund,
          uniq_crazy_yiuf_cottage

Skill      XL: |  1  2  3  4 |
---------------+-------------+-----
Stealth        | 6 7 8 |  8.6
Short Blades   | 3 |  3.6
Dodging        | 2 |  2.0
Fighting       | |  2.0
Throwing       | |  2.0

Action                   |  1- 3 |  4- 6 || total
-------------------------+-------+-------++-------
Melee: Dagger            |    69 |    30 ||    99
       Tentacles         |    12 |     7 ||    19
       Constrict         |    16 |     4 ||    20
       Punch             |     3 |       ||     3
  Use: Scroll            |     2 |     4 ||     6
       Potion            |       |     1 ||     1
 Stab: Sleeping          |    12 |     5 ||    17
Armor: Skin              |     3 |     1 ||     4
Dodge: Dodged            |    45 |     9 ||    54
